 Dungeon Crawl Stone Soup version 0.26-a0-540-g8a0c9464d7 (webtiles) character file.

Game seed: 15882838173807265877

30186 kae the Basher (level 13, -11/102 (105) HPs)
             Began as a Formicid Abyssal Knight on Aug 18, 2020.
             Was a Follower of Lugonu.
             Mangled by a manticore (12 damage)
             ... on level 12 of the Dungeon.
             The game lasted 00:16:33 (15976 turns).

kae the Basher (Formicid Abyssal Knight)           Turns: 15976, Time: 00:16:33

HP:   -11/102 (105) AC: 14    Str: 28    XL:     13   Next: 86%
MP:   21/21         EV: 15    Int: 12    God:    Lugonu [*.....]
Gold: 2373          SH: 16    Dex: 16    Spells: 12/12 levels left

rFire    . . .     SeeInvis +   F - +3 great mace (protect)
rCold    . . .     Faith    .   t - +3 kite shield
rNeg     . . .     Spirit   .   o - +1 leather armour
rPois    .         Reflect  .   (helmet unavailable)
rElec    .         Harm     .   z - +0 cloak
rCorr    .                      H - +0 pair of gloves {archery}
MR       +....                  (no boots)
Stlth    +.........             i - amulet of magic regeneration
HPRegen  0.27/turn              d - +6 ring of dexterity
MPRegen  0.42/turn              p - +6 ring of strength

@: protection aura
A: permanent stasis, dig shafts and tunnels, four strong arms, antennae 3
a: Dig, Shaft Self, Depart the Abyss, Renounce Religion


You were on level 12 of the Dungeon.
You worshipped Lugonu.
Lugonu was aware of your devotion.
You visited 1 branch of the dungeon, and saw 12 of its levels.
You visited the Abyss 1 time.
You also visited: Trove and Sewer.

You collected 2373 gold pieces.

Inventory:

Hand Weapons
 a - a +3 whip of venom
 b - a +0 whip of electrocution
 F - a +3 great mace of protection (weapon)
 G - a +2 flail of draining
Armour
 o - a +1 leather armour (worn)
 t - a +3 kite shield (worn)
 z - a +0 cloak (worn)
 H - a +0 pair of gloves of archery (worn)
Jewellery
 d - a +6 ring of dexterity (left hand)
 e - the ring "Raafoipe" {rF+ Str+4 Int-4}
   (You found it in a treasure trove)

   [ring of protection from fire]

   It affects your strength (+4).
   It affects your intelligence (-4).
   It protects you from fire.
 h - a +4 ring of evasion
 i - an amulet of magic regeneration (around neck)
 p - a +6 ring of strength (right hand)
 D - an uncursed ring of protection from cold
Wands
 l - a wand of iceblast (23)
 m - a wand of paralysis (27)
 s - a wand of polymorph (7)
 x - a wand of digging (8)
 y - a wand of disintegration (16)
 A - a wand of flame (19)
Scrolls
 k - 4 scrolls of remove curse
 n - 3 scrolls of amnesia
 q - 7 scrolls of identify
 u - 2 scrolls of holy word
 C - a scroll of enchant weapon
Potions
 c - 3 potions of might
 f - 5 potions of curing
 g - 2 potions of cancellation
 j - 4 potions of brilliance
 r - 2 potions of heal wounds
 v - 2 potions of invisibility
 w - a potion of flight
 B - 3 potions of stabbing
 E - 2 potions of lignification
 J - a potion of ambrosia {unknown}
 K - a potion of mutation
Miscellaneous
 I - a tin of tremorstones (3/3)


   Skills:
 + Level 10.8 Fighting
 * Level 13.2 Maces & Flails
 - Level 6.8 Armour
 - Level 5.4 Dodging
 + Level 9.6 Shields
 + Level 11.4 Invocations


You had 12 spell levels left.
You didn't know any spells.
Your spell library contained the following spells:

 Spells                   Type           Power        Failure   Level
 Animate Skeleton         Necr           #.....       36%         1
 Apportation              Tloc           #.....       36%         1
 Corona                   Hex            #......      36%         1
 Summon Small Mammal      Summ           #...         36%         1


Dungeon Overview and Level Annotations

Branches:
Dungeon (12/15)            Temple (0/1) D:6            Lair (0/6) D:11
  Sewer (visited)
    Orc: D:9-12

Altars:
Ashenzari
Dithmenos
Elyvilon
Fedhas
Okawaru
Qazlal
Trog
Wu Jian
The Shining One
Lugonu

Shops:
D:4 (

Annotations:
D:4 2 transporters, Lanoc's ghost, weakling GnFi
Abyss:1 Harold


Innate Abilities, Weirdness & Mutations

You cannot be hasted, slowed, berserked, paralysed or teleported.
You can dig through walls and to a lower floor.
Your four strong arms can wield two-handed weapons with a shield.
You have a pair of large antennae on your head. (SInv)


Message History

The manticore completely misses you. You block the manticore's attack.
The manticore barely misses you.
You hit the manticore but do no damage.
The manticore is moderately wounded.
The manticore bites you but does no damage.
You block the manticore's attack.
The manticore claws you but does no damage.
You barely miss the manticore.
The manticore is moderately wounded.
You carefully extract the barbed spikes from your body.
The manticore bites you!!
* * * LOW HITPOINT WARNING * * *
The manticore claws you but does no damage.
You block the manticore's attack.
You sock the manticore!
The manticore is heavily wounded.
The manticore bites you.
* * * LOW HITPOINT WARNING * * *
The manticore closely misses you. The manticore claws you!
You die...

###########
#.........#########
#.........##......######
#....._...'.....@.......
..........##.####H######
..........##.####.#
.............##....
...#'###.....##.#.#.
####.# #.....##.#.+.. .#
#.# #.....##.### .. .#
#.# #....†##.# ... .#
#.# #.....##.#


You could see a manticore.

Vanquished Creatures
  A hydra (D:12)
  2 two-headed ogres
  Pikel (D:4)
  A mana viper (D:6)
  A manticore (D:11)
  A cyclops (D:11)
  A gargoyle (D:10)
  2 trolls
  A hornet (D:11)
  Prince Ribbit (D:8)
  A hippogriff (D:9)
  A shadow (D:11)
  2 wyverns
  Sigmund (D:4)
  2 wraiths
  10 yaks (D:9)
  2 vampire mosquitoes (D:12)
  An acid dragon (D:12)
  3 water moccasins
  2 porcupines (D:11)
  3 black bears
  A sky beast (D:8)
  2 orc warriors
  A phantom (D:8)
  2 ice beasts (D:9)
  6 ogres
  2 centaurs
  A necrophage (D:9)
  A crocodile (D:11)
  8 bullfrogs
  5 scorpions
  16 wights
  8 killer bees
  2 howler monkeys
  4 centaur zombies
  2 jellies
  9 hounds
  A bullfrog zombie (D:11)
  4 orc priests
  3 orc wizards
  4 worker ants
  Natasha (thrice) (D:4)
  5 iguanas
  A worker ant zombie (D:6)
  13 adders
  4 gnolls (D:3)
  A shadow imp (D:7)
  5 white imps
  2 ufetubi
  An ooze (D:1)
  An adder zombie (D:9)
  2 adder skeletons
  4 worms
  A dart slug (D:1)
  13 leopard geckos
  27 orcs
  3 ball pythons (Sewer)
  8 giant cockroaches
  3 goblins
  4 hobgoblins
  5 jackals
  5 kobolds
  4 quokkas
  6 bats
  7 frilled lizards
  2 rats
  4 fungi (D:11)
  A plant (D:11)
257 creatures vanquished.

Vanquished Creatures (others)
  10 fungi (D:11)
  5 plants (D:11)
15 creatures vanquished.

Grand Total: 272 creatures vanquished

Notes
Turn   | Place    | Note
-------+----------+-------------------------------------------
     0 | Abyss:1  | kae the Formicid Abyssal Knight began the quest for the
                  | Orb.
     0 | Abyss:1  | Reached XP level 1. HP: 18/18 MP: 2/2
    12 | Abyss:1  | Noticed a starcursed mass
    13 | D:1      | Escaped the Abyss
   247 | D:1      | Reached * piety under Lugonu
   290 | D:1      | Reached XP level 2. HP: 22/24 MP: 3/3
   882 | D:1      | Reached XP level 3. HP: 28/29 MP: 4/4
  1609 | D:2      | Reached skill level 3 in Maces & Flails
  1641 | D:2      | Reached XP level 4. HP: 37/37 MP: 6/6
  1944 | D:3      | Found a glowing drain.
  1981 | Sewer    | Entered a sewer
  2104 | Sewer    | Reached XP level 5. HP: 28/42 MP: 7/7
  2269 | Sewer    | Noticed a bullfrog
  2279 | Sewer    | Killed a bullfrog
  2279 | Sewer    | Reached ** piety under Lugonu
  2279 | Sewer    | Reached skill level 4 in Maces & Flails
  2411 | Sewer    | Noticed a bullfrog
  2428 | Sewer    | Killed a bullfrog
  2428 | Sewer    | Reached XP level 6. HP: 26/49 MP: 7/9
  3737 | D:4      | Noticed Pikel
  3755 | D:4      | Killed Pikel
  3755 | D:4      | Reached skill level 5 in Fighting
  3755 | D:4      | Reached skill level 6 in Maces & Flails
  3755 | D:4      | Reached skill level 5 in Invocations
  3755 | D:4      | Reached XP level 7. HP: 45/57 MP: 9/11
  3755 | D:4      | Reached XP level 8. HP: 51/64 MP: 9/12
  3891 | D:4      | Found a stormy altar of Qazlal.
  3963 | D:4      | Noticed Lanoc's ghost (weakling GnFi)
  3964 | D:4      | Found a transporter.
  4007 | D:4      | Found Digo's Weapon Boutique.
  4321 | D:4      | Found a transporter.
  4357 | D:4      | Found a white marble altar of Elyvilon.
  4370 | D:4      | Noticed Sigmund
  4370 | D:4      | Noticed Natasha
  4390 | D:4      | Killed Sigmund
  4393 | D:4      | Killed Natasha
  4393 | D:4      | Reached skill level 7 in Maces & Flails
  4795 | D:4      | Found a stormy altar of Qazlal.
  4830 | D:4      | Found a white marble altar of Elyvilon.
  4986 | D:4      | Found a transporter.
  5006 | D:4      | Noticed Natasha
  5012 | D:4      | Killed Natasha
  5100 | D:4      | Found Digo's Weapon Boutique.
  5128 | D:4      | Noticed Natasha
  5142 | D:4      | Killed Natasha
  5253 | D:4      | Found a transporter.
  5603 | D:5      | Entered Level 5 of the Dungeon
  5992 | D:5      | Reached XP level 9. HP: 61/71 MP: 13/13
  6092 | D:5      | Reached skill level 1 in Shields
  6229 | D:5      | Found a blossoming altar of Fedhas.
  6455 | D:5      | Found a shattered altar of Ashenzari.
  6868 | D:6      | Found a staircase to the Ecumenical Temple.
  7337 | D:7      | Noticed a manticore
  7340 | D:6      | Reached skill level 8 in Maces & Flails
  7623 | D:7      | Noticed a mana viper
  7623 | D:7      | a manticore changed into a mana viper
  7756 | D:6      | Killed a mana viper
  8576 | D:7      | Reached *** piety under Lugonu
  8665 | D:7      | Found an iron altar of Okawaru.
  8879 | D:7      | Found a bloodstained altar of Trog.
  8900 | D:7      | Found a shadowy altar of Dithmenos.
  9068 | D:8      | Reached skill level 9 in Maces & Flails
  9150 | D:8      | Reached XP level 10. HP: 74/79 MP: 15/15
  9575 | D:8      | Noticed Harold
  9599 | D:8      | Banished Harold
  9599 | D:8      | Reached skill level 5 in Shields
  9953 | D:8      | Found a glowing golden altar of the Shining One.
 10090 | D:8      | Noticed Prince Ribbit
 10313 | D:8      | Killed Prince Ribbit
 10313 | D:8      | Reached skill level 10 in Maces & Flails
 10653 | D:9      | Noticed a two-headed ogre
 11199 | D:9      | Reached XP level 11. HP: 50/87 MP: 17/17
 11582 | D:9      | Killed a two-headed ogre
 11735 | D:9      | Reached skill level 11 in Maces & Flails
 11812 | D:9      | Found an ornate altar of the Wu Jian Council.
 11853 | D:9      | Reached **** piety under Lugonu
 12961 | D:10     | Entered Level 10 of the Dungeon
 12973 | D:10     | Found a portal to a secret trove of treasure.
 12982 | Trove    | Entered a treasure trove
 12990 | Trove    | Got a pitted glass ring
 13058 | D:10     | Reached skill level 10 in Fighting
 13058 | D:10     | Reached skill level 12 in Maces & Flails
 13058 | D:10     | Reached skill level 10 in Invocations
 13058 | D:10     | Reached XP level 12. HP: 94/94 MP: 18/20
 13059 | D:10     | Reached skill level 5 in Dodging
 13059 | D:10     | Reached XP level 13. HP: 100/100 MP: 18/21
 13557 | D:10     | Identified the ring "Raafoipe" {rF+ Str+4 Int-4} (You found
                  | it in a treasure trove)
 14543 | D:11     | Found a staircase to the Lair.
 15030 | D:11     | Reached skill level 13 in Maces & Flails
 15541 | D:12     | Noticed a five-headed hydra
 15556 | D:12     | Killed a five-headed hydra
 15904 | D:12     | Found a corrupted altar of Lugonu.
 15976 | D:12     | HP: 1/102 [manticore (6)]
 15976 | D:12     | Mangled by a manticore

Illustrated notes

Levels and vault maps discovered:
D:1:      dpeg_arrival_erosion, layout_loops_cross
D:2:      kennysheep_big_flooded_room, layout_rooms
D:3:      layout_loops_ring, cheibrodos_sewer_entry_bend
D:4:      layout_loops_corners, nicolae_qazlal_general_emergency,
          elyvilon_altar_3, gammafunk_ghost_stat_death, serial_shops, shop,
          minmay_misc_feat_hallway, uniq_sigmund, uniq_natasha, uniq_pikel
D:5:      layout_loops_ring, ashenzari_altar_1, fedhas_altar_3
D:6:      layout_basic, minmay_temple_entry_overgrown
D:7:      layout_cave_pools, lemuel_doored_altar,
          grunt_dithmenos_smoke_and_mirrors, kennysheep_little_box
D:8:      layout_rooms, lemuel_round_altar, uniq_harold, uniq_prince_ribbit1
D:9:      layout_cave_pools, lemuel_crystal_altar
D:10:     layout_big_octagon, nicolae_trove_entry_columns
D:11:     layout_irregular_city, due_lair_maze_entry_diamond,
          lemuel_flamethrower_2
D:12:     layout_basic, david_orc_4, tgw_lugonu_bribe

Skill      XL: |  1  2  3  4  5  6  7  8  9 10 11 12 13 |
---------------+----------------------------------------+-----
Maces & Flails | 3 4 6 7 9 10 12 13 | 13.2
Invocations    | 3 4 5 6 7 9 10 11 | 11.4
Fighting       | 4 5 6 7 8 10 | 10.8
Shields        | 4 6 8 9 |  9.6
Armour         | 6 |  6.8
Dodging        | 5 |  5.4

Action                   |  1- 3 |  4- 6 |  7- 9 | 10-12 | 13-15 || total
-------------------------+-------+-------+-------+-------+-------++-------
Melee: Mace              |    21 |       |       |       |       ||    21
       Whip              |    37 |   146 |   325 |   343 |   156 ||  1007
       Great mace        |       |       |       |       |   185 ||   185
Invok: Depart the Abyss  |     1 |       |       |       |       ||     1
       Bend Space        |       |       |     3 |       |       ||     3
       Banish            |       |       |       |     3 |       ||     3
 Abil: Dig               |       |       |       |     2 |     5 ||     7
Evoke: Wand              |       |       |     6 |       |       ||     6
  Use: Scroll            |     5 |     6 |    10 |     4 |     5 ||    30
       Potion            |       |       |       |     2 |       ||     2
 Stab: Sleeping          |       |       |     2 |       |       ||     2
       Distracted        |       |       |       |       |     1 ||     1
Armor: Leather armour    |     9 |    21 |    26 |    23 |    54 ||   133
Dodge: Dodged            |    45 |   104 |   134 |    57 |   131 ||   471
Block: Kite shield       |       |       |    65 |   138 |   242 ||   445

Table legend: (Time is in decaauts)
 A = Elapsed time spent in this place.
 B = Non-inter-level travel time spent in this place.
 C = Inter-level travel time spent in this place.
 D = Time resting spent in this place.
 E = Time spent auto-exploring this place.
 F = Levels seen in this place.
 G = Mean time per level.
                   A        B        C        D        E       F      G
               +--------+--------+--------+--------+--------+-----+--------+
         Total |  15838 |  15465 |    373 |   4092 |   9206 |  15 | 1055.9 |
       Dungeon |  14614 |  14241 |    373 |   3852 |   8543 |  12 | 1217.8 |
         Abyss |     13 |     13 |      0 |      0 |     10 |   1 |   13.0 |
         Trove |     50 |     50 |      0 |      0 |     23 |   1 |   50.0 |
         Sewer |   1160 |   1160 |      0 |    240 |    630 |   1 | 1160.0 |
               +--------+--------+--------+--------+--------+-----+--------+

Top non-repeatable levels by time:
     D:9: 2179 daAuts
     D:4: 1853 daAuts
     D:6: 1421 daAuts
     D:7: 1337 daAuts
     D:8: 1248 daAuts
    D:10: 1228 daAuts
    D:11: 1219 daAuts
     D:1: 1177 daAuts
   Sewer: 1160 daAuts
     D:5: 974 daAuts
     D:3: 913 daAuts
     D:2: 609 daAuts
    D:12: 450 daAuts
   Trove: 50 daAuts
 Abyss:1: 13 daAuts
